Map: Lost and Found LE

Players

Neeb

  • Race: Protoss Protoss
  • Spawn Location: 1:00

TYTY (TY) - Winner!

  • Race: Terran Terran
  • Spawn Location: 7:00

Event: 2018 WCS Global Finals

VOD

Have the link to the VOD?

Description

Time

  • Played on: Oct. 28, 2018, 3:45 p.m.
  • Length: 11:23

All games in this series

Show
View Real Time Build Order
Export as new Build Order

Neeb Protoss 

Build Orders: Proxy Void Ray 

Get SALT Encoding   

  12  0:00  Probe  
  13  0:12  Probe  
  14  0:16  Pylon  
  14  0:23  Probe  
  15  0:32  Probe  
  15  0:36  Gateway  
  15  0:40  Probe  
  16  0:46  Assimilator  
  17  0:51  Probe  
  18  1:03  Probe  
  19  1:15  Probe  
  19  1:16  Assimilator  
  20  1:26  Cybernetics Core  
  20  1:27  Probe  
  20  1:30  Pylon  
  21  1:39  Probe  
  22  1:44  Pylon  
  22  1:51  Probe  
  23  1:54  Adept  
  23  2:03  Probe  
  26  2:11  Stargate  
  28  2:28  Stalker  
  28  2:37  Shield Battery  
  28  2:39  Shield Battery  
  28  2:40  Void Ray, Shield Battery  
  31  2:58  Stalker  
  33  3:17  Void Ray  
  37  3:32  Nexus  
  36  3:58  Probe  
  37  4:04  Pylon  
  37  4:10  Warp Gate  
  37  4:11  Pylon  
  37  4:17  Probe  
  38  4:22  Void Ray  
  42  4:29  Probe  
  39  4:41  Gateway, Probe  
  39  4:45  Robotics Facility  
  40  4:53  Probe  
  41  5:05  Probe  
  38  5:17  Probe  
  38  5:20  Gateway  
  39  5:21  Immortal  
  39  5:23  Probe  
  40  5:29  Probe  
  40  5:32  Sentry x2  
  49  5:36  Probe  
  49  5:37  Pylon  
  51  5:42  Probe  
  51  5:48  Probe  
  52  5:54  Observer  
  52  5:55  Probe  
  53  6:00  Probe  
  53  6:01  Pylon  
  55  6:06  Warp Prism  
  55  6:07  Probe  
  55  6:09  Pylon  
  56  6:12  Probe  
  56  6:13  Sentry  
  56  6:14  Sentry  
  56  6:16  Pylon  
  62  6:19  Probe  
  62  6:24  Pylon  
  63  6:26  Stalker  
  65  6:33  Shield Battery  
  65  6:34  Probe  
  66  6:42  Stalker x2  
  70  6:54  Immortal  
  70  6:58  Nexus  
  74  7:09  Pylon  
  74  7:12  Stalker  
  74  7:14  Stalker  
  78  7:19  Zealot  
  78  7:21  Probe  
  81  7:23  Probe  
  81  7:28  Pylon  
  86  7:43  Immortal  
  85  7:45  Stalker  
  85  7:46  Zealot x2  
  85  7:48  Probe  
  92  7:56  Pylon  
  92  7:58  Pylon  
  76  8:19  Stalker  
  68  8:25  Probe  
  68  8:26  Probe x2  
  66  8:29  Observer  
  67  8:37  Stalker  
  67  8:38  Probe x2  
  67  8:40  Phoenix  
  71  8:46  Probe  
  71  8:49  Probe  
  71  8:52  Probe  
  71  8:55  Probe  
  68  8:57  Probe  
  68  9:00  Probe  
  71  9:03  Probe  
  71  9:04  Assimilator x2  
  71  9:05  Probe, Assimilator  
  71  9:09  Forge  
  74  9:10  Probe, Assimilator  
  74  9:13  Probe  
  74  9:16  Probe, Twilight Council  
  76  9:20  Probe  
  76  9:22  Probe, Protoss Ground Armor Level 1  
  78  9:24  Probe  
  78  9:28  Probe  
  78  9:31  Probe  
  80  9:32  Probe  
  83  9:44  Gateway x2  
  83  9:45  Probe  
  85  9:46  Gateway  
  85  9:49  Robotics Bay  
  85  9:52  Probe  
  85  9:53  Probe  
  86  10:01  Probe  
  87  10:08  Probe x2  
  87  10:14  Probe, Pylon  
  90  10:20  Probe x2  
  92  10:27  Disruptor  
  92  10:33  Probe  
  92  10:34  Probe  
  94  10:42  Probe  
  98  10:44  Pylon  
  98  10:46  Pylon  
  98  10:47  Robotics Facility  
  98  10:51  Nexus  
  98  10:56  Stalker x3  
  104  11:00  Gateway  
Show
View Real Time Build Order
Export as new Build Order

TYTY Terran - Winner!

Build Orders:  

Get SALT Encoding   

  12  0:00  SCV  
  13  0:12  SCV  
  14  0:18  Supply Depot  
  14  0:24  SCV  
  15  0:39  SCV  
  15  0:40  Barracks  
  16  0:46  Refinery  
  16  0:51  SCV  
  16  0:55  Refinery  
  17  1:03  SCV  
  18  1:15  SCV  
  19  1:28  SCV  
  20  1:40  SCV  
  20  1:41  Engineering Bay  
  21  1:55  Orbital Command  
  21  1:56  Factory  
  21  1:57  Reaper  
  22  2:10  Supply Depot  
  21  2:23  SCV  
  23  2:35  SCV  
  23  2:40  Widow Mine, Engineering Bay  
  25  2:45  Starport  
  25  2:48  Supply Depot  
  26  3:01  Cyclone  
  28  3:09  SCV  
  28  3:10  Missile Turret  
  28  3:21  Viking  
  33  3:35  Widow Mine  
  33  3:38  Starport  
  33  3:39  SCV  
  32  3:49  Barracks Reactor  
  32  3:53  Viking  
  32  4:00  Widow Mine  
  34  4:08  Supply Depot  
  34  4:19  Viking  
  36  4:31  Supply Depot  
  35  4:35  Viking  
  35  4:38  SCV  
  37  4:54  Supply Depot  
  37  4:57  Viking  
  37  5:12  Viking  
  39  5:16  SCV  
  39  5:20  Cyclone  
  44  5:30  SCV  
  44  5:35  Command Center  
  46  5:42  SCV  
  45  5:51  Barracks Reactor  
  45  5:55  SCV  
  46  6:03  Cyclone  
  49  6:04  Cyclone  
  49  6:05  Supply Depot  
  49  6:08  SCV  
  53  6:20  SCV  
  54  6:27  Marine  
  54  6:28  Supply Depot  
  54  6:31  Marine  
  56  6:33  SCV  
  56  6:35  Cyclone  
  60  6:42  Cyclone  
  60  6:47  Marine  
  63  6:50  SCV  
  63  6:54  Marine  
  66  7:02  SCV  
  66  7:04  Marine  
  66  7:07  Orbital Command  
  68  7:12  Marine  
  68  7:14  SCV  
  69  7:22  Marine  
  72  7:26  SCV  
  71  7:30  Marine  
  71  7:34  Factory Tech Lab, SCV  
  73  7:38  SCV  
  73  7:40  Marine, Barracks  
  75  7:46  SCV  
  75  7:48  Marine  
  75  7:50  SCV  
  77  7:57  Siege Tank  
  77  7:58  Marine, SCV  
  77  8:02  SCV  
  77  8:06  Marine  
  77  8:10  SCV  
  76  8:14  SCV  
  76  8:16  Marine  
  74  8:22  SCV  
  74  8:26  Starport Tech Lab  
  74  8:27  SCV  
  74  8:28  Barracks  
  74  8:29  Siege Tank  
  76  8:34  SCV  
  76  8:36  Refinery, Bunker  
  76  8:37  Barracks Tech Lab  
  76  8:39  SCV  
  78  8:44  Marine  
  78  8:45  Marine  
  78  8:47  SCV  
  79  8:51  SCV  
  79  8:55  Marine  
  79  8:57  Raven  
  79  8:59  SCV  
  79  9:02  Marine  
  80  9:03  SCV  
  80  9:04  Stimpack  
  80  9:05  Marine  
  81  9:13  Marine, Siege Tank  
  86  9:18  SCV  
  86  9:19  Supply Depot x2  
  86  9:20  Marine x2, Supply Depot  
  86  9:21  Medivac  
  86  9:22  Marine  
  86  9:23  Marine  
  92  9:26  Supply Depot  
  92  9:30  Refinery  
  92  9:31  Marine  
  91  9:37  Marine  
  94  9:39  Marine  
  94  9:40  Marine  
  94  9:43  Medivac, Supply Depot x2  
  96  9:50  Marine x2  
  98  9:56  Marine, Medivac  
  98  9:57  Marine  
  102  10:00  Marine  
  106  10:07  Marine, Siege Tank  
  106  10:08  Marine  
  107  10:14  Marine  
  107  10:15  Marine  
  107  10:17  Marine  
  107  10:18  Medivac  
  112  10:25  Marine x2  
  112  10:26  Supply Depot  
  112  10:27  Medivac  
  116  10:32  Marine  
  116  10:33  Marine  
  116  10:35  Marine  
  118  10:41  Siege Tank  
  119  10:43  Marine x2  
  119  10:44  SCV x2  
  119  10:48  Medivac  
  125  10:50  Marine  
  125  10:51  Marine  
  125  10:53  Marine  
  128  11:01  Marine x2  
  130  11:10  Supply Depot  
Tags
 
Add a new tag
Caveats
  • Supply blocks, unpowered buildings, or Contaminate may cause inaccurate times.
  • Supply counts are checked every 10 seconds.